 Dungeon Crawl Stone Soup version 0.27-a0-1500-g450c7e4133 (webtiles) character file.

Game seed: 12582217115468675672

3804 robertstho the Thaumaturge (level 10, -2/69 HPs)
             Began as a Djinni Fire Elementalist on July 7, 2021.
             Was an Initiate of Gozag.
             Slain by Maurice (9 damage)
             ... on level 11 of the Dungeon.
             The game lasted 00:15:07 (10552 turns).

robertstho the Thaumaturge (DjFE)                  Turns: 10552, Time: 00:15:07

Health: -2/69      AC:  8    Str:  7    XL:     10   Next: 39%
Gold:   770        EV: 12    Int: 21    God:    Gozag SH:  0 Dex:  9

rFire    + + .     SeeInvis .   h - +4 dagger (venom)
rCold    x . .     Faith    .   (no shield)
rNeg     . . .     Spirit   .   u - +5 robe "Xoong" {rPois Dex-4 Stlth+}
rPois    ∞         Reflect  .   n - +0 helmet
rElec    .         Harm     .   (no cloak)
rCorr    +         Rampage  .   (no gloves)
Will     +....                  (boots unavailable)
Stlth    +++.......             (no amulet)
HPRegen  0.21/turn              r - ring of resist corrosion
MPRegen  0.00/turn              (no ring)

@: flying
A: sickness immunity, fire resistance 2, cold vulnerability 1, float, innate
caster, hp casting, extra vitality 1
a: Renounce Religion, Potion Petition, Call Merchant, Bribe Branch


You were on level 11 of the Dungeon.
You worshipped Gozag.
Gozag was pleased with you.
You visited 1 branch of the dungeon, and saw 9 of its levels.

You collected 822 gold pieces.
You paid 52 gold pieces to Gozag.

Inventory:

Hand Weapons
 h - a +4 dagger of venom (weapon)
 q - a +2 hand axe of electrocution
Missiles
 s - 2 curare-tipped darts
Armour
 a - a +0 robe
 n - a +0 helmet (worn)
 u - the +5 robe "Xoong" (worn) {rPois Dex-4 Stlth+}
   (You found it on level 7 of the Dungeon)

   Dex:       It affects your dexterity (-4).
   rPois:     It protects you from poison.
   Stlth:     It makes you more stealthy.
Jewellery
 r - a ring of resist corrosion (left hand)
Wands
 j - a wand of digging (9)
Scrolls
 c - a scroll of magic mapping {unknown}
 d - a scroll of summoning
 g - 3 scrolls of enchant weapon
 i - a scroll of vulnerability
 m - a scroll of teleportation
 t - a scroll of noise {unknown}
Potions
 b - a potion of mutation {unknown}
 e - a potion of degeneration {unknown}
 f - 2 potions of curing
 l - a potion of lignification {unknown}
 o - a potion of resistance
 p - a potion of magic {unknown}
 v - a potion of haste {unknown}
 w - a potion of cancellation {unknown}


   Skills:
 * Level 4.6 Fighting
 + Level 4.2 Dodging
 + Level 3.9 Stealth
 * Level 9.9 Spellcasting


You had 2 spell levels left.
You knew the following spells:

 Your Spells              Type           Power      Damage    Failure   Level
a - Foxfire               Conj/Fire      100%       2x1d9     1%          1
b - Conjure Flame         Conj/Fire      51%        6-21      1%          3
c - Inner Flame           Hex/Fire       51%        N/A       1%          3
d - Sticky Flame          Conj/Fire      51%        2d7       1%          4
e - Fireball              Conj/Fire      25%        3d11      3%          5
f - Sting                 Tmut/Pois      100%       1d8       1%          1
g - Slow                  Hex            51%        N/A       1%          2
h - Summon Guardian Gole  Hex/Summ       51%        N/A       1%          3
i - Iskenderun's Mystic   Conj/Tloc      51%        2d11      1%          4
Your spell library was empty.

Dungeon Overview and Level Annotations

Branches:
Dungeon (11/15)
 Temple: D:4-7         Lair: D:8-11         Orc: D:9-12

Altars:
Cheibriados
Fedhas
Gozag
Hepliaklqana
Makhleb
Nemelex Xobeh
Ru
Xom
Yredelemnul
Zin

Shops:
D:5 (   D:6 (

Annotations:
D:11 Maurice


Innate Abilities, Weirdness & Mutations

You are immune to sickness and miasma.
You are immune to poison.
Your flesh is very heat resistant. (rF++)
You are vulnerable to cold. (rC-)
You float through the air rather than walking.
You learn spells naturally, not from books.
Your magical power is your life essence.
You have superior vitality. (+4 HP)


Message History

The sticky flame hits Maurice.
Maurice resists.
Maurice is severely wounded.
Maurice is covered in liquid flames!
Maurice burns!
Maurice hits you with a +0 short sword!
* * * LOW HITPOINT WARNING * * *
Maurice steals your 2 scrolls of blinking!
Maurice burns!
Maurice casts a spell.
Maurice blinks!
Found 16 gold pieces.
Casting: Sticky Flame (dangerous; 1% risk of failure)
Confirm with . or Enter, or press ? or * to list all spells.
Aiming: Fireball (dangerous; 3% risk of failure)
Press: ? - help, Shift-Dir - straight line, f/p - Maurice
Aim: Maurice, wielding a +0 short sword, wearing a +1 cloak of willpower and carrying a wand of acid (4) (severely wounded, covering ground quickly, unusually resistant, covered in liquid flames)
The fireball explodes!
The fireball engulfs Maurice.
Maurice resists.
Maurice is severely wounded.
* * * LOW HITPOINT WARNING * * *
Maurice burns!
Casting: Fireball (dangerous; 3% risk of failure)
Confirm with . or Enter, or press ? or * to list all spells.
Aiming: Fireball (dangerous; 3% risk of failure)
Press: ? - help, Shift-Dir - straight line, f/p - Maurice
Aim: Maurice, wielding a +0 short sword, wearing a +1 cloak of willpower and carrying a wand of acid (4) (severely wounded, covering ground quickly, unusually resistant, covered in liquid flames)
The fireball explodes!
The fireball engulfs Maurice!
Maurice resists.
Maurice is almost dead.
* * * LOW HITPOINT WARNING * * *
Maurice stops burning.
Casting: Fireball (dangerous; 3% risk of failure)
Confirm with . or Enter, or press ? or * to list all spells.
Aiming: Sticky Flame (dangerous; 1% risk of failure)
Press: ? - help, Shift-Dir - straight line, f/p - Maurice
Aim: Maurice, wielding a +0 short sword, wearing a +1 cloak of willpower and carrying a wand of acid (4) (almost dead, covering ground quickly, unusually resistant, 100% to hit)
The sticky flame hits Maurice.
Maurice resists.
Maurice is almost dead.
Maurice is covered in liquid flames!
* * * LOW HITPOINT WARNING * * *
Maurice burns!
Maurice hits you with a +0 short sword!
You die...
Your body crumbles into a pile of gold.

$. h.. #.. #.#
.# #.# #.. #.#
#..###.#######
#....@$$......
##..##@#.####
#...<<$..#
#.........$.#
...########.#
## ... ###


You could see Maurice (swift, resistant, burning).

Vanquished Creatures
  An unseen horror (D:10)
  2 trolls (D:10)
  A shadow (D:5)
  A wyvern (D:10)
  Eustachio (D:4)
  Grum (D:10)
  An ice beast (D:6)
  3 sky beasts
  A black bear (D:5)
  2 ogres
  2 necrophages (D:6)
  2 centaurs
  4 wolves (D:10)
  2 kobold brigands
  A gnoll sergeant (D:11)
  3 scorpions
  A water moccasin zombie (D:5)
  A wyvern skeleton (D:7)
  A water moccasin skeleton (D:5)
  3 howler monkeys
  2 centaur skeletons
  2 hounds
  3 orc priests
  3 iguanas
  4 orc wizards
  Ijyb (D:4)
  A hound zombie (D:5)
  5 gnolls (D:11)
  5 adders
  A shadow imp (D:6)
  A white imp (D:4)
  A worm (D:4)
  2 dart slugs
  17 orcs
  4 endoplasms
  3 giant cockroaches
  6 goblins
  4 hobgoblins
  4 jackals (D:1)
  4 quokkas
  4 ball pythons
  5 bats
  4 frilled lizards (D:1)
  13 kobolds
  14 rats
147 creatures vanquished.

Vanquished Creatures (others)
  486 foxfires
486 creatures vanquished.

Grand Total: 633 creatures vanquished

Notes
Turn   | Place    | Note
-------+----------+-------------------------------------------
     0 | D:1      | robertstho the Djinni Fire Elementalist began the quest for
                  | the Orb.
     0 | D:1      | Reached XP level 1. HP: 15/15 MP: 0/0
   130 | D:1      | Found a faded altar of an unknown god.
   494 | D:1      | Reached XP level 2. HP: 18/22 MP: 0/0
  1172 | D:1      | Reached skill level 3 in Spellcasting
  1172 | D:1      | Reached XP level 3. HP: 23/26 MP: 0/0
  1172 | D:1      | Learned a level 1 spell: Sting
  3004 | D:2      | Reached XP level 4. HP: 27/31 MP: 0/0
  3620 | D:3      | Reached XP level 5. HP: 33/36 MP: 0/0
  3620 | D:3      | Learned a level 2 spell: Slow
  4214 | D:4      | Found a hazy altar of Hepliaklqana.
  4300 | D:4      | Reached skill level 1 in Fighting
  4300 | D:4      | Reached skill level 4 in Spellcasting
  4649 | D:4      | Found a blossoming altar of Fedhas.
  5333 | D:5      | Entered Level 5 of the Dungeon
  5333 | D:5      | Noticed Eustachio
  5333 | D:5      | Noticed Ijyb
  5340 | D:4      | Killed Ijyb
  5481 | D:4      | Killed Eustachio
  5482 | D:4      | Reached skill level 5 in Spellcasting
  5482 | D:4      | Reached XP level 6. HP: 13/42 MP: 0/0
  5697 | D:5      | Found Toik's Weapon Emporium.
  5759 | D:5      | Reached XP level 7. HP: 41/48 MP: 0/0
  5759 | D:5      | Learned a level 3 spell: Summon Guardian Golem
  5886 | D:5      | Noticed a shadow
  5895 | D:5      | Killed a shadow
  6100 | D:5      | Reached skill level 6 in Spellcasting
  6100 | D:5      | Reached XP level 8. HP: 48/55 MP: 0/0
  6220 | D:5      | Found a shimmering altar of Xom.
  6453 | D:5      | Found an opulent altar of Gozag.
  6517 | D:5      | Became a worshipper of Gozag Ym Sagoz the Greedy
  6684 | D:5      | Found a sacrificial altar of Ru.
  7077 | D:6      | Reached skill level 7 in Spellcasting
  7079 | D:6      | Found Nezoumuu's Antique Weapon Boutique.
  7146 | D:6      | Reached XP level 9. HP: 18/60 MP: 0/0
  7146 | D:6      | Learned a level 4 spell: Iskenderun's Mystic Blast
  7793 | D:7      | Found a snail-covered altar of Cheibriados.
  7912 | D:7      | Reached skill level 8 in Spellcasting
  8621 | D:7      | Found a burning altar of Makhleb.
  8621 | D:7      | Noticed a green death
  8785 | D:7      | Identified the +5 robe "Xoong" {rPois Dex-4 Stlth+}
  8836 | D:7      | Found a sparkling altar of Nemelex Xobeh.
  8905 | D:7      | You are sucked into a shaft and drop 3 floors!
  8905 | D:10     | Entered Level 10 of the Dungeon
  8918 | D:10     | Noticed a troll
  8922 | D:10     | Killed a troll
  9250 | D:10     | Noticed a troll
  9255 | D:10     | Killed a troll
  9256 | D:10     | Reached skill level 9 in Spellcasting
  9256 | D:10     | Reached XP level 10. HP: 22/67 MP: 0/0
  9560 | D:10     | Noticed an unseen horror
  9561 | D:10     | Killed an unseen horror
  9706 | D:10     | Found a glowing silver altar of Zin.
  9720 | D:10     | Noticed Grum
  9725 | D:10     | Killed Grum
 10212 | D:10     | Found a basalt altar of Yredelemnul.
 10326 | D:11     | Noticed Maurice
 10552 | D:11     | Slain by Maurice

Illustrated notes

Levels and vault maps discovered:
D:1:      amcnicky_arrival_gap_in_the_tavern_cellar, layout_basic,
          shapermc_ecumenical_altar_totnotflames, minmay_pentomino_q4
D:2:      layout_basic, hangedman_decor_push
D:3:      layout_loops_ring
D:4:      layout_loops_cross, fedhas_altar_2, mainiacjoe_overflow_alcove_1,
          minmay_crystal_room, minmay_misc_feat_room
D:5:      layout_cave_pools, lemuel_tele_altar, mainiacjoe_overflow_alcove_2,
          mainiacjoe_overflow_alcove_4, serial_shops, nicolae_take_the_stairs,
          uniq_eustachio, uniq_ijyb
D:6:      layout_loops_ring, gup_sewer_entry_bubbles, serial_shops,
          nicolae_square_shop, kennysheep_cross_room
D:7:      layout_basic, nicolae_overflow_crystal_walls,
          makhleb_altar_promises_db, overflow_temple_1_default, temple_hall
D:10:     layout_stronghold, mainiacjoe_overflow_concentric_impassable,
          zin_statuary, uniq_grum
D:11:     layout_basic, david_lair_generic, serial_shops, kennysheep_mini_moat,
          uniq_nergalle, uniq_maurice

Skill      XL: |  1  2  3  4  5  6  7  8  9 10 |
---------------+-------------------------------+-----
Spellcasting   | 3 5 6 7 9 |  9.9
Fighting       | 1 2 3 4 |  4.6
Stealth        | 2 3 |  3.9
Dodging        | 3 4 |  4.2

Action                   |  1- 3 |  4- 6 |  7- 9 | 10-12 || total
-------------------------+-------+-------+-------+-------++-------
Melee: Unarmed           |     1 |       |       |       ||     1
       Dagger            |       |     1 |    23 |     1 ||    25
 Cast: Foxfire           |   112 |    97 |    95 |       ||   304
       Sticky Flame      |       |     4 |    13 |     4 ||    21
       Fireball          |       |       |    30 |    21 ||    51
       Iskenderun's Myst |       |       |     1 |       ||     1
  Use: Scroll            |     5 |     1 |     3 |       ||     9
       Potion            |       |       |     3 |       ||     3
 Stab: Sleeping          |       |       |     2 |       ||     2
Armor: Robe              |     1 |     5 |    17 |     4 ||    27
Dodge: Dodged            |     9 |    22 |    23 |     5 ||    59

Table legend: (Time is in decaauts)
 A = Elapsed time spent in this place.
 B = Non-inter-level travel time spent in this place.
 C = Inter-level travel time spent in this place.
 D = Time resting spent in this place.
 E = Time spent auto-exploring this place.
 F = Levels seen in this place.
 G = Mean time per level.
                   A        B        C        D        E       F      G
               +--------+--------+--------+--------+--------+-----+--------+
         Total |  10555 |  10222 |    333 |   1112 |   7944 |   9 | 1172.8 |
       Dungeon |  10555 |  10222 |    333 |   1112 |   7944 |   9 | 1172.8 |
               +--------+--------+--------+--------+--------+-----+--------+

Top non-repeatable levels by time:
     D:1: 1772 daAuts
    D:10: 1626 daAuts
     D:4: 1607 daAuts
     D:2: 1366 daAuts
     D:6: 1264 daAuts
     D:5: 1150 daAuts
     D:3: 940 daAuts
     D:7: 805 daAuts
    D:11: 21 daAuts
